Map: 16-Bit LE

Players

wasp

  • Race: Protoss Protoss
  • Spawn Location: 7:00

larsgj - Winner!

  • Race: Terran Terran
  • Spawn Location: 1:00

VOD

Have the link to the VOD?

Description

Time

  • Played on: July 11, 2022, 7:58 a.m.
  • Length: 22:32
Show
View Real Time Build Order
Export as new Build Order

wasp Protoss 

Build Orders:  

Get SALT Encoding   

  12  0:11  Pylon  
  12  0:23  Pylon  
  12  0:24  Probe  
  13  0:34  Assimilator  
  13  0:49  Forge  
  13  1:45  Nexus  
  13  2:14  Pylon  
  13  2:17  Pylon  
  13  2:47  Photon Cannon  
  13  2:49  Photon Cannon  
  13  2:51  Photon Cannon  
  13  2:54  Photon Cannon  
  13  2:56  Photon Cannon  
  13  3:02  Probe  
  14  3:14  Probe  
  15  3:21  Photon Cannon  
  15  3:27  Probe  
  16  3:29  Photon Cannon  
  16  3:42  Photon Cannon  
  16  4:10  Gateway  
  16  4:19  Probe  
  17  4:31  Probe  
  18  4:36  Photon Cannon  
  18  4:37  Photon Cannon  
  18  4:43  Probe  
  19  4:46  Photon Cannon  
  19  4:55  Probe  
  19  4:58  Photon Cannon  
  20  5:07  Probe  
  21  5:26  Cybernetics Core  
  21  5:38  Zealot  
  23  6:01  Assimilator  
  23  6:04  Probe  
  23  6:05  Zealot  
  23  6:09  Probe  
  27  6:16  Probe  
  28  6:22  Probe  
  29  6:28  Probe  
  29  6:32  Zealot  
  32  6:34  Probe  
  33  6:41  Probe  
  33  6:46  Probe  
  35  6:52  Stargate  
  35  6:53  Probe  
  36  6:58  Probe  
  36  6:59  Zealot  
  39  7:17  Assimilator  
  39  7:22  Assimilator  
  39  7:26  Zealot  
  39  7:27  Probe  
  42  7:39  Probe  
  43  7:50  Protoss Air Weapons Level 1  
  43  7:51  Probe  
  44  7:52  Phoenix  
  44  7:53  Stalker  
  48  8:03  Probe  
  49  8:15  Probe  
  50  8:23  Stalker  
  52  8:27  Probe  
  53  8:39  Probe  
  53  8:40  Phoenix  
  56  8:51  Probe  
  56  8:53  Stalker  
  59  9:03  Nexus, Probe  
  59  9:05  Phoenix  
  62  9:10  Assimilator  
  62  9:15  Assimilator  
  62  9:29  Pylon  
  62  9:38  Pylon  
  62  9:42  Pylon  
  62  9:47  Stalker  
  62  9:49  Pylon  
  64  9:58  Protoss Air Armor Level 1  
  64  10:02  Pylon  
  64  10:06  Pylon  
  64  10:08  Pylon  
  64  10:17  Pylon, Stalker  
  66  10:36  Fleet Beacon  
  66  10:47  Stalker  
  70  11:26  Tempest  
  73  11:37  Stargate  
  73  12:02  Anion Pulse-Crystals  
  73  12:06  Stalker  
  75  12:09  Tempest  
  80  12:21  Tempest  
  85  12:35  Probe  
  85  12:36  Stalker  
  88  12:47  Probe  
  89  12:52  Tempest  
  94  13:00  Probe  
  94  13:04  Tempest  
  100  13:06  Stalker  
  100  13:12  Probe  
  103  13:24  Probe  
  104  13:35  Tempest  
  104  13:36  Stalker  
  111  13:47  Tempest  
  116  14:06  Stalker  
  103  14:18  Tempest  
  108  14:29  Tempest  
  97  14:46  Unknown, Flux Vanes  
  97  15:00  Tempest  
  102  15:12  Tempest  
  87  15:43  Tempest  
  87  15:55  Tempest  
  87  16:26  Tempest  
  87  16:30  Stalker  
  94  16:38  Tempest  
  99  16:42  Gateway  
  99  16:46  Gateway  
  99  16:50  Gateway  
  99  16:56  Gateway  
  99  17:00  Stalker  
  62  17:35  Stalker x2  
  68  17:38  Stalker  
  43  18:05  Stalker x2  
  40  18:08  Stalker  
  17  18:35  Stalker x2  
  17  18:38  Stalker  
  22  19:05  Stalker x2  
  22  19:08  Stalker  
  15  19:17  Stalker  
  12  19:35  Stalker x2  
  16  19:38  Stalker  
  14  19:47  Stalker  
  4  20:53  Probe  
Show
View Real Time Build Order
Export as new Build Order

larsgj Terran - Winner!

Build Orders:  

Get SALT Encoding   

  12  0:01  SCV  
  13  0:13  SCV  
  14  0:25  SCV, Supply Depot  
  15  0:47  SCV  
  16  0:52  Barracks  
  16  0:59  SCV  
  16  1:00  Supply Depot  
  17  1:13  Engineering Bay  
  17  1:14  SCV  
  18  1:26  SCV  
  19  1:34  Refinery  
  19  1:38  Refinery  
  19  1:39  SCV  
  20  1:42  Marine  
  21  1:51  SCV  
  21  1:53  Barracks  
  22  1:59  Barracks  
  22  2:03  SCV  
  23  2:15  SCV  
  24  2:25  Marine  
  24  2:27  SCV  
  26  2:39  SCV  
  26  2:43  Marine  
  28  2:51  SCV  
  29  3:00  Command Center  
  29  3:01  Marine  
  30  3:19  Marine  
  31  3:22  Bunker  
  31  3:42  Supply Depot  
  31  3:54  Bunker  
  31  4:03  Marine x2, SCV  
  31  4:05  Supply Depot  
  34  4:15  SCV  
  34  4:16  SCV  
  36  4:21  Marine x2  
  36  4:22  Refinery  
  38  4:27  SCV  
  38  4:28  SCV, Supply Depot  
  40  4:35  Refinery  
  40  4:39  Marine, SCV  
  40  4:40  SCV  
  43  4:52  SCV x2  
  45  5:04  SCV  
  45  5:06  Command Center  
  46  5:16  SCV  
  47  5:28  SCV  
  47  5:29  Barracks Tech Lab  
  47  5:32  Terran Infantry Weapons Level 1  
  48  5:40  SCV  
  48  5:41  Factory  
  49  5:51  Orbital Command  
  49  5:52  SCV  
  50  6:05  SCV, Barracks Tech Lab  
  50  6:06  Marine  
  52  6:17  SCV  
  53  6:21  SCV  
  53  6:24  Marine  
  55  6:29  SCV, Refinery  
  56  6:33  SCV, Combat Shield  
  56  6:39  Stimpack  
  57  6:41  SCV  
  57  6:42  Marine  
  57  6:45  SCV  
  60  6:47  Marauder  
  62  6:57  SCV  
  62  6:58  Bunker  
  62  7:00  Marine  
  64  7:09  Marauder  
  64  7:10  SCV  
  67  7:17  Starport, Marine  
  68  7:24  Starport  
  68  7:26  Terran Infantry Armor Level 1  
  68  7:30  Marauder  
  68  7:33  Starport  
  68  7:36  Marauder  
  72  7:52  Marauder, Concussive Shells  
  74  8:16  Starport Tech Lab x3  
  74  8:17  Armory  
  74  8:28  Missile Turret  
  74  9:07  Missile Turret  
  74  9:20  Neosteel Armor  
  74  9:28  Missile Turret  
  74  9:34  Missile Turret  
  74  9:49  Missile Turret  
  74  9:52  Terran Vehicle And Ship Armor Level 1  
  74  9:54  Fusion Core, Missile Turret  
  74  10:04  SCV  
  75  10:09  Refinery  
  75  10:11  Missile Turret  
  75  10:16  SCV, Missile Turret  
  76  10:28  SCV  
  77  10:31  Missile Turret  
  77  10:36  Missile Turret  
  77  10:40  SCV  
  78  10:44  Battlecruiser  
  84  10:52  SCV, Missile Turret  
  84  10:55  Orbital Command, Battlecruiser  
  84  10:56  Battlecruiser  
  97  10:57  Missile Turret  
  97  11:00  Hi-Sec Auto Tracking  
  97  11:05  Orbital Command  
  97  11:13  Missile Turret  
  97  11:22  Missile Turret  
  97  11:35  Missile Turret  
  97  11:47  Terran Ship Weapons Level 1  
  97  11:57  Terran Infantry Weapons Level 2  
  97  12:02  Missile Turret  
  97  12:06  Supply Depot  
  97  12:25  Battlecruiser x2  
  97  12:27  Missile Turret  
  97  12:28  Battlecruiser  
  97  12:29  Supply Depot  
  115  12:32  Supply Depot  
  115  12:50  Weapon Refit  
  115  12:52  Supply Depot  
  115  12:54  Missile Turret  
  115  12:55  Supply Depot  
  115  13:14  Supply Depot  
  115  13:18  Supply Depot  
  115  13:30  Battlecruiser x2  
  115  13:32  Battlecruiser  
  133  13:36  Supply Depot  
  133  13:40  Terran Vehicle And Ship Armor Level 2  
  133  13:41  Supply Depot  
  133  13:59  Supply Depot  
  133  14:03  Supply Depot  
  133  14:12  Terran Infantry Armor Level 2  
  133  14:21  Supply Depot  
  127  14:27  Supply Depot  
  115  14:34  Battlecruiser x2  
  115  14:36  Battlecruiser  
  121  14:43  Supply Depot  
  115  15:00  Command Center  
  115  15:01  Command Center  
  115  15:12  Command Center  
  115  15:26  Command Center  
  115  15:38  Battlecruiser x2  
  115  15:40  Battlecruiser  
  131  16:07  Command Center  
  131  16:26  Missile Turret  
  131  16:39  Missile Turret  
  131  16:40  Orbital Command  
  131  16:42  Orbital Command, Battlecruiser x2  
  143  16:50  Battlecruiser  
  143  16:53  Missile Turret  
  149  17:13  Missile Turret  
  143  17:34  Missile Turret  
  143  17:47  Battlecruiser  
  131  18:52  Orbital Command  
  131  19:05  Orbital Command  
  125  19:26  Battlecruiser  
  125  19:27  Battlecruiser x2  
  143  20:31  Battlecruiser x3  
  161  20:52  Barracks x2  
  161  20:54  Command Center  
  161  20:55  Barracks  
Tags
 
Matchup
PvT
Replay Pack
Multiplayer
Spawn Locations
Cross Positions
Add a new tag
Caveats
  • Supply blocks, unpowered buildings, or Contaminate may cause inaccurate times.
  • Supply counts are checked every 10 seconds.